Rangers vs Penguins

Created - April 14 2007 at 11:56

Goals
1 2 3 OT1 OT2 T
Rangers 2 0 1 0 1 4
Penguins 2 0 1 0 0 3
Shots
1 2 3 OT1 OT2 T
Rangers 7 1 9 11 5 33
Penguins 18 12 6 5 1 42

Period #1

1. Penguins , Ryan Whitney 2 (Jere Lehtinen) at 3:28 (PP)
2. Penguins , Matt Carle 1 (Jere Lehtinen, Ryan Getzlaf) at 11:13 (PP)
3. Rangers , Kirk Maltby 1 (Rod Brind'Amour, Bryan McCabe) at 13:10
4. Rangers , Michal Rozsival 1 (Kirk Maltby, Sergei Zubov) at 16:34

Penalities :
Jan Bulis (NYR) for Roughing (Minor) at 2:30, Kirk Maltby (NYR) for Elbowing (Minor) at 3:14, Brendan Shanahan (NYR) for Interference (Minor) at 5:41, Kirk Maltby (NYR) for Slashing (Minor) at 10:46, Jarkko Ruutu (PIT) for Tripping (Minor) at 17:50

Period #2

No Goal

Penalities :
Martin St-Louis (NYR) for Checking from behind (Major) at 0:28, Jan Bulis (NYR) for Checking from behind (Major) at 6:22, Ryan Malone (PIT) for Charging (Minor) at 16:26, Kris Draper (PIT) for Holding (Minor) at 16:57

Period #3

5. Penguins , Steve Bernier 2 (Dennis Seidenberg, Ryan Malone) at 10:19
6. Rangers , Kirk Maltby 2 (Aaron Ward, Rod Brind'Amour) at 14:42

Penalities :
Kris Draper (PIT) for High sticking (Minor) at 1:25, Henrik Lundqvist (NYR) for Slashing (Minor) at 3:33 - Mark Bell served the penalty., Jarkko Ruutu (PIT) for Elbowing (Minor) at 11:08, Jarkko Ruutu (PIT) for Tripping (Minor) at 15:05, Matt Carle (PIT) for Delaying the game (Minor) at 19:01

Overtime #1

No Goal

Penalities :
Marc-Andre Fleury (PIT) for Slashing (Minor) at 1:07 - Ryan Malone served the penalty., Martin Lapointe (PIT) for Holding (Minor) at 2:10, Aaron Ward (NYR) for Clipping (Minor) at 2:10, Josef Melichar (PIT) for Holding (Minor) at 3:56, Brooks Orpik (PIT) for Diving (Minor) at 6:47, Kris Draper (PIT) for High sticking (Minor) at 7:40, Jarkko Ruutu (PIT) for Slashing (Minor) at 11:05, Jan Bulis (NYR) for Delaying the game (Minor) at 14:05, Owen Nolan (NYR) for High sticking (Minor) at 14:52, Brooks Orpik (PIT) for Clipping (Minor) at 15:32, Nils Ekman (PIT) for Checking from behind (Major) at 18:43

Overtime #2

7. Rangers , Michal Rozsival 2 (Brendan Shanahan, Martin St-Louis) at 5:49

Penalities :
No Penalty

Goalie Stats

Henrik Lundqvist (NYR), 39 saves from 42 shots - (0.929), W, 3-1-0, 85:50 minutes
Marc-Andre Fleury (PIT), 29 saves from 33 shots - (0.879), OTL, 0-1-1, 85:50 minutes

Players Stats

Rangers
Player Name              G  A  P  +/- PIM S  H  SB FO MP 
-----------------------------------------------------------
Aaron Ward               0  1  1   2  2   2  1  3  0  32 
Adam Hall                0  0  0   0  0   0  0  0  0  0  
Brendan Shanahan         0  1  1   1  2   5  2  0  4  32 
Bryan McCabe             0  1  1   2  0   0  2  1  0  33 
Darius Kasparaitis       0  0  0  -1  0   1  2  2  0  24 
Jan Bulis                0  0  0  -1  9   3  0  1  1  25 
Joe Corvo                0  0  0  -1  0   2  0  2  0  28 
Kirk Maltby              2  1  3   3  4   2  0  0  1  24 
Mark Bell                0  0  0  -1  0   1  1  0  16 20 
Martin St-Louis          0  1  1   1  5   3  0  0  2  18 
Matt Cullen              0  0  0   1  0   3  1  2  6  8  
Michael Nylander         0  0  0   1  0   1  0  0  33 28 
Michal Rozsival          2  0  2   2  0   2  4  1  0  26 
Owen Nolan               0  0  0   1  2   1  0  0  2  21 
Rod Brind'Amour          0  2  2   2  0   4  0  0  26 27 
Sergei Zubov             0  1  1   2  0   0  1  0  0  32 
Teemu Selanne            0  0  0   2  0   0  0  0  1  25 
Todd White               0  0  0  -1  0   3  0  0  21 19 
Penguins
Player Name              G  A  P  +/- PIM S  H  SB FO MP 
-----------------------------------------------------------
Brooks Orpik             0  0  0   1  4   0  3  1  0  26 
Christian Backman        0  0  0  -2  0   2  0  2  0  31 
Dennis Seidenberg        0  1  1   1  0   2  0  1  0  17 
Erik Christensen         0  0  0   0  0   0  0  0  8  7  
Jarkko Ruutu             0  0  0   1  8   3  0  0  10 19 
Jere Lehtinen            0  2  2  -2  0   6  1  1  22 36 
Josef Melichar           0  0  0  -2  2   1  1  1  0  32 
Kris Draper              0  0  0  -2  6   1  0  0  33 29 
Mark Parrish             0  0  0  -2  0   6  0  0  1  19 
Martin Lapointe          0  0  0  -2  2   2  1  0  2  21 
Matt Carle               1  0  1  -2  2   2  1  0  0  33 
Michel Ouellet           0  0  0   0  0   0  1  0  0  7  
Nils Ekman               0  0  0  -2  5   6  3  0  3  31 
Ryan Getzlaf             0  1  1  -2  0   3  0  0  20 16 
Ryan Malone              0  1  1   1  2   3  1  2  12 32 
Ryan Whitney             1  0  1  -2  0   2  1  1  0  33 
Steve Bernier            1  0  1   1  0   3  1  0  1  22 
Tomas Surovy             0  0  0   0  0   0  0  0  1  3  

3 Stars

1 - Kirk Maltby (NYR)
2 - Michal Rozsival (NYR)
3 - Rod Brind'Amour (NYR)

Power Play

Rangers - 0 on 14 Attempt(s) - 0.00%
Penguins - 2 on 7 Attempt(s) - 28.57%

Penalty Kill

Rangers - 5 on 7 Attempt(s) - 71.43% - Score 0 goal in Penalty Kill
Penguins - 14 on 14 Attempt(s) - 100.00% - Score 0 goal in Penalty Kill

Game Notes

No Game Note

Finance

Level 1 -- Attendance: 5213 (98.36%) -- Ticket Income $484,809.00
Level 2 -- Attendance: 5023 (100.00%) -- Ticket Income $276,265.00
Level 3 -- Attendance: 1984 (99.19%) -- Ticket Income $65,472.00
Level 4 -- Attendance: 4000 (100.00%) -- Ticket Income $68,000.00
Luxury Box -- Attendance: 991 (99.08%) -- Ticket Income $183,335.00
Game was played at the Mellon Arena
Total Attendance: 17211 (99.35%)
Total Ticket Income: $1,105,334.00
Other Income: $331,600.20
Total Income: $1,436,934.00


Play by Play

Period #1

0:01 of 1st period - Ryan Getzlaf wins face-off versus Brendan Shanahan in neutral zone.
1:06 of 1st period - Shot by Rod Brind'Amour.
1:06 of 1st period - Shot Hit the Post.
1:31 of 1st period - Shot by Kris Draper.
1:31 of 1st period - Shot Misses the Net.
1:32 of 1st period - Shot by Nils Ekman.
1:32 of 1st period - Shot Misses the Net.
1:55 of 1st period - Shot by Mark Parrish.
1:55 of 1st period - Deflect By Nils Ekman.
1:55 of 1st period - Shot Misses the Net.
2:00 of 1st period - Shot by Kris Draper.
2:00 of 1st period - Shot Misses the Net.
2:01 of 1st period - Shot by Christian Backman.
2:01 of 1st period - Stopped by Henrik Lundqvist without a rebound.
2:02 of 1st period - Jarkko Ruutu wins face-off versus Todd White in Rangers zone.
2:30 of 1st period - Minor Penalty to Jan Bulis for Roughing.
2:31 of 1st period - Nils Ekman wins face-off versus Todd White in Penguins zone.
2:49 of 1st period - Owen Nolan is hit by Nils Ekman and loses puck.
3:14 of 1st period - Minor Penalty to Kirk Maltby for Elbowing.
3:15 of 1st period - Rod Brind'Amour wins face-off versus Ryan Getzlaf in neutral zone.
3:26 of 1st period - Shot by Jere Lehtinen.
3:26 of 1st period - Stopped by Henrik Lundqvist without a rebound.
3:27 of 1st period - Jere Lehtinen wins face-off versus Owen Nolan in Rangers zone.
3:28 of 1st period - Shot by Ryan Whitney.
3:28 of 1st period - Goal by Ryan Whitney - Rangers : 0 - Penguins : 1.
3:29 of 1st period - Mark Bell wins face-off versus Ryan Malone in neutral zone.
3:35 of 1st period - Icing by Josef Melichar.
3:36 of 1st period - Ryan Malone wins face-off versus Mark Bell in Penguins zone.
3:41 of 1st period - Shot by Mark Parrish.
3:41 of 1st period - Stopped by Henrik Lundqvist without a rebound.
3:42 of 1st period - Mark Bell wins face-off versus Ryan Getzlaf in Rangers zone.
4:49 of 1st period - Shot by Ryan Malone.
4:49 of 1st period - Stopped by Henrik Lundqvist without a rebound.
4:50 of 1st period - Ryan Malone wins face-off versus Mark Bell in Rangers zone.
5:20 of 1st period - Kris Draper is hit by Michal Rozsival and loses puck.
5:41 of 1st period - Minor Penalty to Brendan Shanahan for Interference.
5:42 of 1st period - Ryan Malone wins face-off versus Mark Bell in Rangers zone.
6:39 of 1st period - Shot by Ryan Getzlaf.
6:39 of 1st period - Stopped by Henrik Lundqvist without a rebound.
6:40 of 1st period - Martin Lapointe wins face-off versus Mark Bell in Rangers zone.
7:03 of 1st period - Shot by Jere Lehtinen.
7:03 of 1st period - Stopped by Henrik Lundqvist with a rebound.
7:11 of 1st period - Icing by Christian Backman.
7:12 of 1st period - Martin Lapointe wins face-off versus Mark Bell in Penguins zone.
7:46 of 1st period - Nils Ekman is hit by Brendan Shanahan and loses puck.
7:54 of 1st period - Shot by Nils Ekman.
7:54 of 1st period - Stopped by Henrik Lundqvist with a rebound.
7:57 of 1st period - Shot by Michel Ouellet.
7:57 of 1st period - Shot Misses the Net.
8:00 of 1st period - Shot by Nils Ekman.
8:00 of 1st period - Shot Misses the Net.
8:01 of 1st period - Shot by Nils Ekman.
8:01 of 1st period - Shot Misses the Net.
8:04 of 1st period - Shot by Michel Ouellet.
8:04 of 1st period - Shot Misses the Net.
8:07 of 1st period - Shot by Nils Ekman.
8:07 of 1st period - Shot Misses the Net.
8:08 of 1st period - Shot by Matt Carle.
8:08 of 1st period - Stopped by Henrik Lundqvist with a rebound.
8:39 of 1st period - Shot by Rod Brind'Amour.
8:39 of 1st period - Stopped by Marc-Andre Fleury without a rebound.
8:40 of 1st period - Todd White wins face-off versus Jere Lehtinen in Penguins zone.
8:47 of 1st period - Shot by Mark Bell.
8:47 of 1st period - Stopped by Marc-Andre Fleury without a rebound.
8:48 of 1st period - Kris Draper wins face-off versus Rod Brind'Amour in Penguins zone.
8:57 of 1st period - Shot by Teemu Selanne.
8:57 of 1st period - Shot Misses the Net.
9:52 of 1st period - Shot by Dennis Seidenberg.
9:52 of 1st period - Stopped by Henrik Lundqvist without a rebound.
9:53 of 1st period - Erik Christensen wins face-off versus Michael Nylander in Rangers zone.
9:58 of 1st period - Shot by Jere Lehtinen.
9:58 of 1st period - Shot Misses the Net.
10:19 of 1st period - Shot by Jere Lehtinen.
10:19 of 1st period - Stopped by Henrik Lundqvist without a rebound.
10:20 of 1st period - Todd White wins face-off versus Kris Draper in Rangers zone.
10:35 of 1st period - Shot by Mark Bell.
10:35 of 1st period - Deflect By Todd White.
10:35 of 1st period - Shot Blocked by Christian Backman.
10:36 of 1st period - Shot by Joe Corvo.
10:36 of 1st period - Stopped by Marc-Andre Fleury with a rebound.
10:39 of 1st period - Shot by Mark Bell.
10:39 of 1st period - Deflect By Todd White.
10:39 of 1st period - Shot Misses the Net.
10:40 of 1st period - Shot by Joe Corvo.
10:40 of 1st period - Stopped by Marc-Andre Fleury without a rebound.
10:41 of 1st period - Ryan Getzlaf wins face-off versus Matt Cullen in Penguins zone.
10:45 of 1st period - Jere Lehtinen is hit by Matt Cullen and loses puck.
10:46 of 1st period - Minor Penalty to Kirk Maltby for Slashing.
10:47 of 1st period - Todd White wins face-off versus Ryan Getzlaf in neutral zone.
11:06 of 1st period - Shot by Jere Lehtinen.
11:06 of 1st period - Stopped by Henrik Lundqvist with a rebound.
11:09 of 1st period - Shot by Ryan Getzlaf.
11:09 of 1st period - Shot Misses the Net.
11:12 of 1st period - Shot by Jere Lehtinen.
11:12 of 1st period - Stopped by Henrik Lundqvist with a rebound.
11:13 of 1st period - Shot by Matt Carle.
11:13 of 1st period - Goal by Matt Carle - Rangers : 0 - Penguins : 2.
11:14 of 1st period - Jarkko Ruutu wins face-off versus Michael Nylander in neutral zone.
12:14 of 1st period - Mark Parrish is hit by Brendan Shanahan and loses puck.
12:28 of 1st period - Shot by Mark Parrish.
12:28 of 1st period - Shot Blocked by Jan Bulis.
12:29 of 1st period - Shot by Christian Backman.
12:29 of 1st period - Shot Misses the Net.
12:30 of 1st period - Shot by Christian Backman.
12:30 of 1st period - Stopped by Henrik Lundqvist without a rebound.
12:31 of 1st period - Ryan Getzlaf wins face-off versus Rod Brind'Amour in Rangers zone.
12:53 of 1st period - Ryan Getzlaf is hit by Bryan McCabe and loses puck.
13:02 of 1st period - Ryan Getzlaf is hit by Bryan McCabe and loses puck.
13:10 of 1st period - Shot by Kirk Maltby.
13:10 of 1st period - Goal by Kirk Maltby - Rangers : 1 - Penguins : 2.
13:11 of 1st period - Todd White wins face-off versus Kris Draper in neutral zone.
15:38 of 1st period - Shot by Jarkko Ruutu.
15:38 of 1st period - Deflect By Ryan Malone.
15:38 of 1st period - Shot Blocked by Aaron Ward.
15:39 of 1st period - Shot by Brooks Orpik.
15:39 of 1st period - Shot Misses the Net.
15:40 of 1st period - Shot by Dennis Seidenberg.
15:40 of 1st period - Stopped by Henrik Lundqvist with a rebound.
15:43 of 1st period - Shot by Steve Bernier.
15:43 of 1st period - Stopped by Henrik Lundqvist without a rebound.
15:44 of 1st period - Todd White wins face-off versus Jarkko Ruutu in Rangers zone.
15:57 of 1st period - Shot by Todd White.
15:57 of 1st period - Shot Blocked by Ryan Malone.
16:04 of 1st period - Shot by Jarkko Ruutu.
16:04 of 1st period - Stopped by Henrik Lundqvist without a rebound.
16:05 of 1st period - Kris Draper wins face-off versus Matt Cullen in Rangers zone.
16:06 of 1st period - Shot by Mark Parrish.
16:06 of 1st period - Shot Blocked by Matt Cullen.
16:27 of 1st period - Shot by Matt Cullen.
16:27 of 1st period - Shot Blocked by Josef Melichar.
16:30 of 1st period - Shot by Michal Rozsival.
16:30 of 1st period - Shot Misses the Net.
16:33 of 1st period - Shot by Kirk Maltby.
16:33 of 1st period - Shot Misses the Net.
16:34 of 1st period - Shot by Michal Rozsival.
16:34 of 1st period - Goal by Michal Rozsival - Rangers : 2 - Penguins : 2.
16:35 of 1st period - Todd White wins face-off versus Ryan Getzlaf in neutral zone.
17:39 of 1st period - Teemu Selanne is hit by Brooks Orpik and loses puck.
17:50 of 1st period - Minor Penalty to Jarkko Ruutu for Tripping.
17:51 of 1st period - Kris Draper wins face-off versus Michael Nylander in Penguins zone.
18:08 of 1st period - Shot by Brendan Shanahan.
18:08 of 1st period - Stopped by Marc-Andre Fleury without a rebound.
18:09 of 1st period - Teemu Selanne wins face-off versus Kris Draper in Penguins zone.
19:12 of 1st period - Shot by Brendan Shanahan.
19:12 of 1st period - Shot Blocked by Ryan Whitney.

Period #2

0:01 of 2nd period - Michael Nylander wins face-off versus Ryan Getzlaf in neutral zone.
0:15 of 2nd period - Martin Lapointe is hit by Michal Rozsival and loses puck.
0:28 of 2nd period - Major Penalty to Martin St-Louis for Checking from behind.
0:29 of 2nd period - Mark Bell wins face-off versus Ryan Malone in Rangers zone.
0:35 of 2nd period - Icing by Josef Melichar.
0:36 of 2nd period - Mark Bell wins face-off versus Ryan Malone in Penguins zone.
0:51 of 2nd period - Shot by Mark Parrish.
0:51 of 2nd period - Deflect By Nils Ekman.
0:51 of 2nd period - Stopped by Henrik Lundqvist without a rebound.
0:52 of 2nd period - Mark Bell wins face-off versus Ryan Getzlaf in Rangers zone.
1:34 of 2nd period - Icing by Ryan Whitney.
1:35 of 2nd period - Todd White wins face-off versus Ryan Getzlaf in Penguins zone.
1:38 of 2nd period - Shot by Todd White.
1:38 of 2nd period - Stopped by Marc-Andre Fleury without a rebound.
1:39 of 2nd period - Ryan Malone wins face-off versus Mark Bell in Penguins zone.
1:58 of 2nd period - Shot by Mark Parrish.
1:58 of 2nd period - Stopped by Henrik Lundqvist with a rebound.
2:11 of 2nd period - Shot by Ryan Malone.
2:11 of 2nd period - Deflect By Mark Parrish.
2:11 of 2nd period - Stopped by Henrik Lundqvist without a rebound.
2:12 of 2nd period - Ryan Getzlaf wins face-off versus Mark Bell in Rangers zone.
2:33 of 2nd period - Shot by Steve Bernier.
2:33 of 2nd period - Shot Misses the Net.
2:34 of 2nd period - Shot by Ryan Whitney.
2:34 of 2nd period - Shot Misses the Net.
2:42 of 2nd period - Steve Bernier is hit by Mark Bell and loses puck.
3:12 of 2nd period - Shot by Ryan Malone.
3:12 of 2nd period - Shot Blocked by Bryan McCabe.
3:15 of 2nd period - Shot by Nils Ekman.
3:15 of 2nd period - Shot Misses the Net.
4:38 of 2nd period - Shot by Mark Parrish.
4:38 of 2nd period - Deflect By Nils Ekman.
4:38 of 2nd period - Shot Blocked by Michal Rozsival.
5:00 of 2nd period - Off-side.
5:01 of 2nd period - Todd White wins face-off versus Ryan Getzlaf in neutral zone.
5:24 of 2nd period - Shot by Kris Draper.
5:24 of 2nd period - Deflect By Steve Bernier.
5:24 of 2nd period - Stopped by Henrik Lundqvist without a rebound.
5:25 of 2nd period - Ryan Malone wins face-off versus Michael Nylander in Rangers zone.
5:47 of 2nd period - Ryan Malone is hit by Michal Rozsival and loses puck.
6:22 of 2nd period - Major Penalty to Jan Bulis for Checking from behind.
6:23 of 2nd period - Mark Bell wins face-off versus Ryan Getzlaf in neutral zone.
7:08 of 2nd period - Shot by Kris Draper.
7:08 of 2nd period - Deflect By Mark Parrish.
7:08 of 2nd period - Stopped by Henrik Lundqvist without a rebound.
7:09 of 2nd period - Kris Draper wins face-off versus Mark Bell in Rangers zone.
7:40 of 2nd period - Shot by Mark Parrish.
7:40 of 2nd period - Stopped by Henrik Lundqvist with a rebound.
7:45 of 2nd period - Shot by Mark Parrish.
7:45 of 2nd period - Shot Blocked by Aaron Ward.
9:03 of 2nd period - Icing by Martin Lapointe.
9:04 of 2nd period - Kris Draper wins face-off versus Todd White in Penguins zone.
10:29 of 2nd period - Shot by Jere Lehtinen.
10:29 of 2nd period - Shot Misses the Net.
10:30 of 2nd period - Shot by Ryan Whitney.
10:30 of 2nd period - Shot Blocked by Joe Corvo.
10:31 of 2nd period - Shot by Jere Lehtinen.
10:31 of 2nd period - Shot Misses the Net.
10:34 of 2nd period - Shot by Ryan Getzlaf.
10:34 of 2nd period - Shot Blocked by Matt Cullen.
10:37 of 2nd period - Shot by Ryan Getzlaf.
10:37 of 2nd period - Stopped by Henrik Lundqvist without a rebound.
10:38 of 2nd period - Mark Bell wins face-off versus Tomas Surovy in Rangers zone.
10:54 of 2nd period - Off-side.
10:55 of 2nd period - Ryan Malone wins face-off versus Mark Bell in neutral zone.
11:00 of 2nd period - Shot by Nils Ekman.
11:00 of 2nd period - Shot Blocked by Darius Kasparaitis.
11:58 of 2nd period - Icing by Ryan Whitney.
11:59 of 2nd period - Erik Christensen wins face-off versus Todd White in Penguins zone.
13:42 of 2nd period - Shot by Mark Parrish.
13:42 of 2nd period - Deflect By Kris Draper.
13:42 of 2nd period - Stopped by Henrik Lundqvist without a rebound.
13:43 of 2nd period - Michael Nylander wins face-off versus Ryan Getzlaf in Rangers zone.
13:50 of 2nd period - Shot by Ryan Getzlaf.
13:50 of 2nd period - Stopped by Henrik Lundqvist without a rebound.
13:51 of 2nd period - Ryan Getzlaf wins face-off versus Todd White in Rangers zone.
14:43 of 2nd period - Icing by Christian Backman.
14:44 of 2nd period - Michael Nylander wins face-off versus Kris Draper in Penguins zone.
14:59 of 2nd period - Shot by Mark Parrish.
14:59 of 2nd period - Deflect By Nils Ekman.
14:59 of 2nd period - Stopped by Henrik Lundqvist without a rebound.
15:00 of 2nd period - Matt Cullen wins face-off versus Jarkko Ruutu in Rangers zone.
15:19 of 2nd period - Shot by Jarkko Ruutu.
15:19 of 2nd period - Deflect By Ryan Malone.
15:19 of 2nd period - Stopped by Henrik Lundqvist without a rebound.
15:20 of 2nd period - Rod Brind'Amour wins face-off versus Kris Draper in Rangers zone.
15:30 of 2nd period - Nils Ekman is hit by Aaron Ward and loses puck.
15:46 of 2nd period - Shot by Nils Ekman.
15:46 of 2nd period - Stopped by Henrik Lundqvist without a rebound.
15:47 of 2nd period - Michael Nylander wins face-off versus Jarkko Ruutu in Rangers zone.
15:59 of 2nd period - Martin St-Louis is hit by Ryan Malone and loses puck.
16:13 of 2nd period - Shot by Martin St-Louis.
16:13 of 2nd period - Shot Misses the Net.
16:26 of 2nd period - Shot by Michael Nylander.
16:26 of 2nd period - Shot Blocked by Ryan Malone.
16:26 of 2nd period - Minor Penalty to Ryan Malone for Charging.
16:27 of 2nd period - Rod Brind'Amour wins face-off versus Jere Lehtinen in Penguins zone.
16:57 of 2nd period - Minor Penalty to Kris Draper for Holding.
16:58 of 2nd period - Jere Lehtinen wins face-off versus Michael Nylander in Penguins zone.
18:22 of 2nd period - Off-side.
18:23 of 2nd period - Jere Lehtinen wins face-off versus Michael Nylander in neutral zone.

Period #3

0:01 of 3rd period - Ryan Getzlaf wins face-off versus Michael Nylander in neutral zone.
0:03 of 3rd period - Off-side.
0:04 of 3rd period - Kris Draper wins face-off versus Michael Nylander in neutral zone.
0:06 of 3rd period - Nils Ekman is hit by Sergei Zubov and loses puck.
0:18 of 3rd period - Shot by Mark Parrish.
0:18 of 3rd period - Stopped by Henrik Lundqvist without a rebound.
0:19 of 3rd period - Rod Brind'Amour wins face-off versus Ryan Getzlaf in Rangers zone.
0:39 of 3rd period - Icing by Aaron Ward.
0:40 of 3rd period - Rod Brind'Amour wins face-off versus Kris Draper in Rangers zone.
0:58 of 3rd period - Teemu Selanne is hit by Nils Ekman and loses puck.
1:06 of 3rd period - Shot by Kirk Maltby.
1:06 of 3rd period - Shot Misses the Net.
1:07 of 3rd period - Shot by Bryan McCabe.
1:07 of 3rd period - Deflect By Teemu Selanne.
1:07 of 3rd period - Shot Misses the Net.
1:08 of 3rd period - Shot by Kirk Maltby.
1:08 of 3rd period - Shot Blocked by Christian Backman.
1:09 of 3rd period - Shot by Kirk Maltby.
1:09 of 3rd period - Deflect By Rod Brind'Amour.
1:09 of 3rd period - Stopped by Marc-Andre Fleury with a rebound.
1:25 of 3rd period - Minor Penalty to Kris Draper for High sticking.
1:26 of 3rd period - Michael Nylander wins face-off versus Jere Lehtinen in Penguins zone.
2:25 of 3rd period - Shot by Martin Lapointe.
2:25 of 3rd period - Stopped by Henrik Lundqvist without a rebound.
2:26 of 3rd period - Michael Nylander wins face-off versus Jere Lehtinen in Rangers zone.
3:33 of 3rd period - Shot by Jarkko Ruutu.
3:33 of 3rd period - Stopped by Henrik Lundqvist without a rebound.
3:33 of 3rd period - Minor Penalty to Henrik Lundqvist for Slashing.
3:34 of 3rd period - Ryan Getzlaf wins face-off versus Martin St-Louis in Rangers zone.
4:12 of 3rd period - Icing by Ryan Whitney.
4:13 of 3rd period - Brendan Shanahan wins face-off versus Ryan Getzlaf in Penguins zone.
4:16 of 3rd period - Shot by Brendan Shanahan.
4:16 of 3rd period - Deflect By Kirk Maltby.
4:16 of 3rd period - Shot Blocked by Jere Lehtinen.
5:39 of 3rd period - Shot by Ryan Malone.
5:39 of 3rd period - Stopped by Henrik Lundqvist without a rebound.
5:40 of 3rd period - Brendan Shanahan wins face-off versus Mark Parrish in Rangers zone.
6:24 of 3rd period - Icing by Brooks Orpik.
6:25 of 3rd period - Jarkko Ruutu wins face-off versus Todd White in Penguins zone.
6:29 of 3rd period - Martin Lapointe is hit by Darius Kasparaitis and loses puck.
6:49 of 3rd period - Shot by Todd White.
6:49 of 3rd period - Stopped by Marc-Andre Fleury with a rebound.
7:07 of 3rd period - Icing by Mark Bell.
7:08 of 3rd period - Todd White wins face-off versus Erik Christensen in Rangers zone.
7:12 of 3rd period - Darius Kasparaitis is hit by Matt Carle and loses puck.
7:21 of 3rd period - Icing by Ryan Whitney.
7:22 of 3rd period - Rod Brind'Amour wins face-off versus Erik Christensen in Penguins zone.
7:22 of 3rd period - Aaron Ward is hit by Michel Ouellet and loses puck.
8:02 of 3rd period - Shot by Kirk Maltby.
8:02 of 3rd period - Shot Misses the Net.
9:09 of 3rd period - Shot by Martin St-Louis.
9:09 of 3rd period - Shot Misses the Net.
9:10 of 3rd period - Shot by Martin St-Louis.
9:10 of 3rd period - Stopped by Marc-Andre Fleury with a rebound.
9:11 of 3rd period - Shot by Sergei Zubov.
9:11 of 3rd period - Shot Misses the Net.
9:12 of 3rd period - Shot by Sergei Zubov.
9:12 of 3rd period - Shot Misses the Net.
9:15 of 3rd period - Shot by Michael Nylander.
9:15 of 3rd period - Shot Misses the Net.
10:16 of 3rd period - Shot by Ryan Malone.
10:16 of 3rd period - Shot Misses the Net.
10:19 of 3rd period - Shot by Steve Bernier.
10:19 of 3rd period - Goal by Steve Bernier - Rangers : 2 - Penguins : 3.
10:20 of 3rd period - Matt Cullen wins face-off versus Kris Draper in neutral zone.
10:22 of 3rd period - Off-side.
10:23 of 3rd period - Kris Draper wins face-off versus Owen Nolan in neutral zone.
10:48 of 3rd period - Shot by Matt Cullen.
10:48 of 3rd period - Stopped by Marc-Andre Fleury with a rebound.
11:08 of 3rd period - Minor Penalty to Jarkko Ruutu for Elbowing.
11:09 of 3rd period - Kris Draper wins face-off versus Rod Brind'Amour in Rangers zone.
11:13 of 3rd period - Icing by Joe Corvo.
11:14 of 3rd period - Ryan Malone wins face-off versus Rod Brind'Amour in Rangers zone.
12:34 of 3rd period - Icing by Aaron Ward.
12:35 of 3rd period - Kris Draper wins face-off versus Michael Nylander in Rangers zone.
13:42 of 3rd period - Shot by Martin Lapointe.
13:42 of 3rd period - Stopped by Henrik Lundqvist without a rebound.
13:43 of 3rd period - Michael Nylander wins face-off versus Erik Christensen in Rangers zone.
14:21 of 3rd period - Icing by Jere Lehtinen.
14:22 of 3rd period - Rod Brind'Amour wins face-off versus Erik Christensen in Penguins zone.
14:23 of 3rd period - Shot by Teemu Selanne.
14:23 of 3rd period - Shot Misses the Net.
14:42 of 3rd period - Shot by Kirk Maltby.
14:42 of 3rd period - Goal by Kirk Maltby - Rangers : 3 - Penguins : 3.
14:43 of 3rd period - Jarkko Ruutu wins face-off versus Todd White in neutral zone.
15:05 of 3rd period - Minor Penalty to Jarkko Ruutu for Tripping.
15:06 of 3rd period - Michael Nylander wins face-off versus Kris Draper in Rangers zone.
15:12 of 3rd period - Off-side.
15:13 of 3rd period - Michael Nylander wins face-off versus Kris Draper in neutral zone.
15:40 of 3rd period - Shot by Michael Nylander.
15:40 of 3rd period - Deflect By Brendan Shanahan.
15:40 of 3rd period - Stopped by Marc-Andre Fleury without a rebound.
15:41 of 3rd period - Jere Lehtinen wins face-off versus Rod Brind'Amour in Penguins zone.
15:54 of 3rd period - Shot by Jan Bulis.
15:54 of 3rd period - Stopped by Marc-Andre Fleury without a rebound.
15:55 of 3rd period - Kris Draper wins face-off versus Rod Brind'Amour in Penguins zone.
17:01 of 3rd period - Icing by Owen Nolan.
17:02 of 3rd period - Kris Draper wins face-off versus Michael Nylander in Rangers zone.
17:26 of 3rd period - Michael Nylander is hit by Steve Bernier and loses puck.
19:01 of 3rd period - Minor Penalty to Matt Carle for Delaying the game.
19:02 of 3rd period - Kris Draper wins face-off versus Michael Nylander in Penguins zone.
19:49 of 3rd period - Shot by Jan Bulis.
19:49 of 3rd period - Stopped by Marc-Andre Fleury without a rebound.
19:50 of 3rd period - Martin St-Louis wins face-off versus Jere Lehtinen in Penguins zone.
19:57 of 3rd period - Shot by Martin St-Louis.
19:57 of 3rd period - Stopped by Marc-Andre Fleury without a rebound.
19:58 of 3rd period - Jere Lehtinen wins face-off versus Rod Brind'Amour in Penguins zone.

Overtime #1

0:01 of 1st overtime period - Jere Lehtinen wins face-off versus Michael Nylander in neutral zone.
0:10 of 1st overtime period - Shot by Nils Ekman.
0:10 of 1st overtime period - Stopped by Henrik Lundqvist without a rebound.
0:11 of 1st overtime period - Rod Brind'Amour wins face-off versus Ryan Malone in Rangers zone.
0:15 of 1st overtime period - Off-side.
0:16 of 1st overtime period - Jere Lehtinen wins face-off versus Rod Brind'Amour in neutral zone.
1:07 of 1st overtime period - Shot by Martin St-Louis.
1:07 of 1st overtime period - Stopped by Marc-Andre Fleury without a rebound.
1:07 of 1st overtime period - Minor Penalty to Marc-Andre Fleury for Slashing.
1:08 of 1st overtime period - Michael Nylander wins face-off versus Jere Lehtinen in Penguins zone.
1:37 of 1st overtime period - Shot by Brendan Shanahan.
1:37 of 1st overtime period - Shot Misses the Net.
1:38 of 1st overtime period - Shot by Aaron Ward.
1:38 of 1st overtime period - Stopped by Marc-Andre Fleury with a rebound.
1:41 of 1st overtime period - Shot by Brendan Shanahan.
1:41 of 1st overtime period - Deflect By Michael Nylander.
1:41 of 1st overtime period - Stopped by Marc-Andre Fleury without a rebound.
1:42 of 1st overtime period - Kris Draper wins face-off versus Rod Brind'Amour in Penguins zone.
1:58 of 1st overtime period - Jan Bulis is hit by Martin Lapointe and loses puck.
2:04 of 1st overtime period - Shot by Rod Brind'Amour.
2:04 of 1st overtime period - Shot Misses the Net.
2:07 of 1st overtime period - Shot by Jan Bulis.
2:07 of 1st overtime period - Stopped by Marc-Andre Fleury without a rebound.
2:08 of 1st overtime period - Michael Nylander wins face-off versus Kris Draper in Penguins zone.
2:10 of 1st overtime period - Minor Penalty to Martin Lapointe for Holding.
2:10 of 1st overtime period - Minor Penalty to Aaron Ward for Clipping.
2:11 of 1st overtime period - Michael Nylander wins face-off versus Jere Lehtinen in Penguins zone.
2:35 of 1st overtime period - Off-side.
2:36 of 1st overtime period - Nils Ekman wins face-off versus Rod Brind'Amour in neutral zone.
3:44 of 1st overtime period - Icing by Matt Carle.
3:45 of 1st overtime period - Jere Lehtinen wins face-off versus Rod Brind'Amour in Penguins zone.
3:45 of 1st overtime period - Ryan Whitney is hit by Michal Rozsival and loses puck.
3:56 of 1st overtime period - Minor Penalty to Josef Melichar for Holding.
3:57 of 1st overtime period - Kris Draper wins face-off versus Michael Nylander in neutral zone.
5:57 of 1st overtime period - Icing by Michal Rozsival.
5:58 of 1st overtime period - Erik Christensen wins face-off versus Todd White in Rangers zone.
5:59 of 1st overtime period - Shot by Jere Lehtinen.
5:59 of 1st overtime period - Shot Misses the Net.
6:02 of 1st overtime period - Shot by Michel Ouellet.
6:02 of 1st overtime period - Shot Blocked by Darius Kasparaitis.
6:03 of 1st overtime period - Shot by Josef Melichar.
6:03 of 1st overtime period - Stopped by Henrik Lundqvist without a rebound.
6:04 of 1st overtime period - Kris Draper wins face-off versus Matt Cullen in Rangers zone.
6:29 of 1st overtime period - Shot by Mark Parrish.
6:29 of 1st overtime period - Deflect By Nils Ekman.
6:29 of 1st overtime period - Stopped by Henrik Lundqvist without a rebound.
6:30 of 1st overtime period - Todd White wins face-off versus Erik Christensen in Rangers zone.
6:32 of 1st overtime period - Icing by Joe Corvo.
6:33 of 1st overtime period - Todd White wins face-off versus Jarkko Ruutu in Rangers zone.
6:47 of 1st overtime period - Minor Penalty to Brooks Orpik for Diving.
6:48 of 1st overtime period - Michael Nylander wins face-off versus Jere Lehtinen in Penguins zone.
7:40 of 1st overtime period - Minor Penalty to Kris Draper for High sticking.
7:41 of 1st overtime period - Jere Lehtinen wins face-off versus Rod Brind'Amour in Penguins zone.
9:34 of 1st overtime period - Shot by Brendan Shanahan.
9:34 of 1st overtime period - Shot Misses the Net.
9:37 of 1st overtime period - Shot by Martin St-Louis.
9:37 of 1st overtime period - Shot Misses the Net.
9:38 of 1st overtime period - Shot by Darius Kasparaitis.
9:38 of 1st overtime period - Stopped by Marc-Andre Fleury without a rebound.
9:39 of 1st overtime period - Michael Nylander wins face-off versus Jere Lehtinen in Penguins zone.
10:25 of 1st overtime period - Icing by Mark Bell.
10:26 of 1st overtime period - Todd White wins face-off versus Kris Draper in Rangers zone.
10:26 of 1st overtime period - Martin St-Louis is hit by Josef Melichar and loses puck.
10:38 of 1st overtime period - Shot by Todd White.
10:38 of 1st overtime period - Stopped by Marc-Andre Fleury without a rebound.
10:39 of 1st overtime period - Jarkko Ruutu wins face-off versus Rod Brind'Amour in Penguins zone.
11:05 of 1st overtime period - Minor Penalty to Jarkko Ruutu for Slashing.
11:06 of 1st overtime period - Nils Ekman wins face-off versus Michael Nylander in Penguins zone.
11:35 of 1st overtime period - Shot by Brendan Shanahan.
11:35 of 1st overtime period - Shot Misses the Net.
12:42 of 1st overtime period - Shot by Owen Nolan.
12:42 of 1st overtime period - Stopped by Marc-Andre Fleury without a rebound.
12:43 of 1st overtime period - Jan Bulis wins face-off versus Jere Lehtinen in Penguins zone.
12:48 of 1st overtime period - Shot by Teemu Selanne.
12:48 of 1st overtime period - Shot Misses the Net.
13:31 of 1st overtime period - Shot by Brendan Shanahan.
13:31 of 1st overtime period - Shot Blocked by Dennis Seidenberg.
14:05 of 1st overtime period - Minor Penalty to Jan Bulis for Delaying the game.
14:06 of 1st overtime period - Ryan Malone wins face-off versus Kirk Maltby in Penguins zone.
14:52 of 1st overtime period - Minor Penalty to Owen Nolan for High sticking.
14:53 of 1st overtime period - Michael Nylander wins face-off versus Ryan Getzlaf in Rangers zone.
15:04 of 1st overtime period - Shot by Jere Lehtinen.
15:04 of 1st overtime period - Stopped by Henrik Lundqvist with a rebound.
15:32 of 1st overtime period - Minor Penalty to Brooks Orpik for Clipping.
15:33 of 1st overtime period - Kris Draper wins face-off versus Brendan Shanahan in Penguins zone.
16:40 of 1st overtime period - Shot by Martin Lapointe.
16:40 of 1st overtime period - Shot Misses the Net.
16:43 of 1st overtime period - Shot by Martin Lapointe.
16:43 of 1st overtime period - Shot Blocked by Joe Corvo.
16:44 of 1st overtime period - Shot by Ryan Whitney.
16:44 of 1st overtime period - Stopped by Henrik Lundqvist with a rebound.
18:30 of 1st overtime period - Jan Bulis is hit by Brooks Orpik and loses puck.
18:36 of 1st overtime period - Shot by Mark Bell.
18:36 of 1st overtime period - Shot Blocked by Brooks Orpik.
18:39 of 1st overtime period - Shot by Matt Cullen.
18:39 of 1st overtime period - Stopped by Marc-Andre Fleury without a rebound.
18:40 of 1st overtime period - Rod Brind'Amour wins face-off versus Kris Draper in Penguins zone.
18:40 of 1st overtime period - Teemu Selanne is hit by Nils Ekman and loses puck.
18:43 of 1st overtime period - Major Penalty to Nils Ekman for Checking from behind.
18:44 of 1st overtime period - Michael Nylander wins face-off versus Jere Lehtinen in Penguins zone.
18:47 of 1st overtime period - Shot by Brendan Shanahan.
18:47 of 1st overtime period - Shot Misses the Net.
18:48 of 1st overtime period - Shot by Brendan Shanahan.
18:48 of 1st overtime period - Stopped by Marc-Andre Fleury with a rebound.
18:49 of 1st overtime period - Shot by Aaron Ward.
18:49 of 1st overtime period - Stopped by Marc-Andre Fleury without a rebound.
18:50 of 1st overtime period - Rod Brind'Amour wins face-off versus Kris Draper in Penguins zone.
19:48 of 1st overtime period - Aaron Ward is hit by Jere Lehtinen and loses puck.
19:56 of 1st overtime period - Shot by Brendan Shanahan.
19:56 of 1st overtime period - Stopped by Marc-Andre Fleury without a rebound.
19:57 of 1st overtime period - Kris Draper wins face-off versus Michael Nylander in Penguins zone.

Overtime #2

0:01 of 2nd overtime period - Kris Draper wins face-off versus Michael Nylander in neutral zone.
0:47 of 2nd overtime period - Off-side.
0:48 of 2nd overtime period - Rod Brind'Amour wins face-off versus Jere Lehtinen in neutral zone.
2:37 of 2nd overtime period - Shot by Rod Brind'Amour.
2:37 of 2nd overtime period - Stopped by Marc-Andre Fleury without a rebound.
2:38 of 2nd overtime period - Kris Draper wins face-off versus Michael Nylander in Penguins zone.
3:25 of 2nd overtime period - Shot by Rod Brind'Amour.
3:25 of 2nd overtime period - Shot Misses the Net.
3:28 of 2nd overtime period - Shot by Rod Brind'Amour.
3:28 of 2nd overtime period - Stopped by Marc-Andre Fleury without a rebound.
3:29 of 2nd overtime period - Rod Brind'Amour wins face-off versus Jere Lehtinen in Penguins zone.
3:53 of 2nd overtime period - Icing by Dennis Seidenberg.
3:54 of 2nd overtime period - Matt Cullen wins face-off versus Steve Bernier in Penguins zone.
4:03 of 2nd overtime period - Shot by Matt Cullen.
4:03 of 2nd overtime period - Stopped by Marc-Andre Fleury without a rebound.
4:04 of 2nd overtime period - Todd White wins face-off versus Kris Draper in Penguins zone.
4:11 of 2nd overtime period - Shot by Mark Bell.
4:11 of 2nd overtime period - Shot Misses the Net.
4:23 of 2nd overtime period - Kris Draper is hit by Darius Kasparaitis and loses puck.
4:52 of 2nd overtime period - Icing by Bryan McCabe.
4:53 of 2nd overtime period - Rod Brind'Amour wins face-off versus Jarkko Ruutu in Rangers zone.
5:12 of 2nd overtime period - Shot by Jarkko Ruutu.
5:12 of 2nd overtime period - Shot Blocked by Aaron Ward.
5:16 of 2nd overtime period - Rod Brind'Amour is hit by Brooks Orpik and loses puck.
5:30 of 2nd overtime period - Shot by Jarkko Ruutu.
5:30 of 2nd overtime period - Stopped by Henrik Lundqvist with a rebound.
5:42 of 2nd overtime period - Martin St-Louis is hit by Ryan Whitney and loses puck.
5:48 of 2nd overtime period - Shot by Brendan Shanahan.
5:48 of 2nd overtime period - Stopped by Marc-Andre Fleury with a rebound.
5:49 of 2nd overtime period - Shot by Michal Rozsival.
5:49 of 2nd overtime period - Goal by Michal Rozsival - Rangers : 4 - Penguins : 3.


Output by the SimonT Hockey Simulator (STHS) for Stephane Roy -- Original Page W3C XHTML 1.0 Valid